 Dungeon Crawl Stone Soup version 0.25-a0-842-g81a31cfd23 (webtiles) character file.

Game seed: 13990775742572158239, levelgen mode: deterministic

325 Esekla the Scratcher (level 6, 0/28 HPs)
             Began as a Felid Skald on Apr 25, 2020.
             Was an Initiate of Vehumet.
             Killed from afar by an orc wizard (18 damage)
             ... with a puff of flame
             ... on level 4 of the Dungeon.
             The game lasted 00:40:40 (2984 turns).

Esekla the Scratcher (Felid Skald)                  Turns: 2984, Time: 00:40:41

Health: 0/28       AC:  2    Str:  7    XL:     6   Next: 24%
Magic:  16/20      EV: 20    Int: 16    God:    Vehumet [......]
Gold:   148        SH:  0    Dex: 16    Spells: 1/10 levels left
                                        Lives:  0   Deaths: 1

rFire    x . .     SeeInvis +     - Unarmed
rCold    + . .     Gourm    .   (shield unavailable)
rNeg     . . .     Faith    .   (armour unavailable)
rPois    .         Spirit   .   (helmet unavailable)
rElec    .         Reflect  .   (cloak unavailable)
rCorr    .         Harm     .   (gloves unavailable)
MR       .....                  (boots unavailable)
Stlth    ++........             (no amulet)
HPRegen  0.09/turn              i - ring of magical power
MPRegen  0.17/turn              d - ring of ice

@: brilliant, very slightly contaminated, quick
A: very small, no armour, no weapons or thrown items, stealth, claws 1, fangs 3,
see invisible, carnivore, speed 1, shaggy fur 2, slow metabolism 1, sharp paws
a: Renounce Religion


You were on level 4 of the Dungeon.
You worshipped Vehumet.
Vehumet was noncommittal.
You were full.

You visited 1 branch of the dungeon, and saw 8 of its levels.

You collected 148 gold pieces.

Inventory:

Jewellery
 d - a ring of ice (right paw)
 i - a ring of magical power (left paw)
 j - an uncursed ring of flight
Wands
 l - a wand of flame (14)
Scrolls
 a - 3 scrolls of magic mapping
 f - a scroll of amnesia {unknown}
 g - a scroll of identify
 h - 2 scrolls of fear {unknown}
 m - a scroll of fog {unknown}
 n - a scroll of blinking {unknown}
 q - a scroll of remove curse {unknown}
 s - a scroll of enchant weapon {unknown}
Potions
 c - a potion of cancellation {unknown}
 e - a potion of brilliance
 k - 2 potions of curing
 o - 2 potions of haste {unknown}
 p - a potion of might {unknown}
 r - a potion of flight {unknown}
Comestibles
 b - 9 rations


   Skills:
 + Level 3.0 Fighting
 * Level 4.5 Dodging
 + Level 1.5 Stealth
 + Level 4.7 Unarmed Combat
 * Level 2.9 Spellcasting
 + Level 4.6 Charms
 * Level 1.4 Necromancy
 + Level 2.4 Translocations
 * Level 1.8 Ice Magic


You had one spell level left.
You knew the following spells:

 Your Spells              Type           Power        Failure   Level  Hunger
a - Ozocubu's Armour      Chrm/Ice       ####....     16%         3    None
b - Shroud of Golubria    Chrm/Tloc      ###...       7%          2    None
c - Infusion              Chrm           ####         2%          1    None
d - Vampiric Draining     Necr           ##........   32%         3    None

Your spell library contained the following spells:

 Spells                   Type           Power        Failure   Level  Hunger
 Animate Skeleton         Necr           N/A          11%         1    None
 Pain                     Necr           ##..         11%         1    None
 Song of Slaying          Chrm           ####....     4%          2    None
 Animate Dead             Necr           N/A          71%         4    None
 Agony                    Necr           ##......     96%         5    None
 Spectral Weapon          Hex/Chrm       Unusable     N/A         3    N/A

Dungeon Overview and Level Annotations

Branches:
Dungeon (8/15)             Temple (0/1) D:4
   Lair: D:8-11

Altars:
Ashenzari
Nemelex Xobeh
Ru
Vehumet


Innate Abilities, Weirdness & Mutations

You cannot wear armour.
You are incapable of wielding weapons or throwing items.
Your paws allow you to move quietly. (Stealth)
You have sharp claws.
You have razor-sharp teeth.
You have supernaturally acute eyesight. (SInv)
You are carnivorous and can eat meat at any time.
You cover ground quickly.
You are covered in thick fur. (AC +2)
You have a slow metabolism.
Your sharp claws are effective at attacking unaware monsters.


Message History

You kill the orc!
Vehumet accepts your kill.
The phantom blinks!
An orc wizard comes into view. It is wielding a +0 dagger.
The phantom blinks!
Your icy armour cracks and falls away as you move.
An orc comes into view. It is wielding a +0 dagger.
The orc wizard begins to cast a cantrip, but forgets the words!
The orc wizard casts a spell.
The orc wizard seems to speed up.
The orc shouts!
There is an open door, spattered with blood here.
Items here: ))) [[ †† You hear a shout! x2
The orc wizard gestures at you while chanting.
The magic dart hits you!
The orc wizard points at you and mumbles some strange words.
The puff of flame hits you!! The fire burns you terribly!
Ouch! That really hurt!
You die...

****,,,,,,.........,,,,,,,,,,,,..
,,,,,,,,,..........,,,,,,,,,,,,#.
,,,<,,,,,..........,,,,,,#######.
,,,,,,,,,.........########.....#.
,,,,,,,,,.........#............#.
,,,,,,,,,,....o...#.(..........'.
,,,,,*******#....o)............#.
,,,,,* #..o..#............#.
****** #...@.#............#.
#....W#.....########.
#.....#.....##....##.
*#.....###...##.......
#.......,#...##....... ******
#..<.....#............ ,,,,,*
#........#.........### ,,,,,*
#.<......#.........+_' ,,,,,*
*,,,,,,,,#...##....###


You could see a phantom, 2 orc wizards and an orc.

Vanquished Creatures
  A big kobold (D:7)
  2 bullfrogs
  A water moccasin skeleton (D:6)
  2 howler monkeys (D:6)
  A quasit (D:7)
  A bullfrog zombie (D:7)
  A hound (D:6)
  An orc wizard (D:4)
  A bullfrog skeleton (D:8)
  2 worker ants
  An adder skeleton (D:6)
  A dart slug (D:1)
  A leopard gecko (D:1)
  6 orcs (D:4)
  2 giant cockroaches
  A hobgoblin (D:1)
  3 jackals (D:6)
  4 kobolds
  3 quokkas
  A bat (D:1)
  3 goblins
  2 jackal skeletons
  A leopard gecko skeleton (D:4)
  3 rats (D:1)
45 creatures vanquished.

Notes
Turn   | Place    | Note
-------+----------+-------------------------------------------
     0 | D:1      | Esekla the Felid Skald began the quest for the Orb.
     0 | D:1      | Reached XP level 1. HP: 9/9 MP: 4/4
     2 | D:1      | Noticed a naga
     2 | D:1      | Noticed a minotaur
     4 | D:1      | Noticed a halfling
     4 | D:1      | Noticed a draconian
     6 | D:1      | Noticed a ghoul
     8 | D:1      | Noticed a spriggan
     8 | D:1      | Noticed a merfolk
    10 | D:1      | Noticed a troll
    12 | D:1      | Noticed a dwarf
    14 | D:1      | Noticed an elf
    14 | D:1      | Noticed a centaur
    16 | D:1      | Noticed a gargoyle
    16 | D:1      | Noticed a vampire
    18 | D:1      | Noticed a formicid
    20 | D:1      | Noticed a tengu
    20 | D:1      | Noticed an octopode
    22 | D:1      | Noticed a human
    22 | D:1      | Noticed a demonspawn
    24 | D:1      | Noticed an ogre
    24 | D:1      | Noticed a felid
    26 | D:1      | Noticed a demigod
    26 | D:1      | Noticed a vine stalker
   297 | D:1      | Reached XP level 2. HP: 12/13 MP: 1/6
   311 | D:1      | Learned a level 2 spell: Shroud of Golubria
   708 | D:2      | You fall into a shaft and drop 1 floor!
   718 | D:4      | Found a shattered altar of Ashenzari.
   736 | D:5      | Entered Level 5 of the Dungeon
   748 | D:5      | Noticed an ogre
   752 | D:5      | Noticed a crimson imp
   765 | D:6      | Noticed a howler monkey
   887 | D:6      | Noticed a howler monkey
   900 | D:6      | Killed a howler monkey
   900 | D:6      | Reached skill level 1 in Translocations
   900 | D:6      | Reached XP level 3. HP: 5/16 MP: 7/7
   905 | D:6      | Learned a level 3 spell: Ozocubu's Armour
   955 | D:6      | Reached XP level 4. HP: 2/19 MP: 8/8
  1113 | D:6      | Noticed an orc warrior
  1169 | D:6      | Noticed a centaur
  1483 | D:6      | Noticed a bullfrog
  1539 | D:7      | Found a radiant altar of Vehumet.
  1548 | D:7      | Reached XP level 5. HP: 23/23 MP: 9/9
  1552 | D:7      | Became a worshipper of Vehumet
  1602 | D:7      | Found a sacrificial altar of Ru.
  1958 | D:7      | Reached skill level 1 in Stealth
  1958 | D:7      | Reached skill level 1 in Ice Magic
  2131 | D:8      | Noticed a phantom
  2173 | D:7      | Gained mutation: You are covered in thick fur. (AC +2)
                  | [Felid growth]
  2173 | D:7      | Reached XP level 6. HP: 23/27 MP: 10/10
  2232 | D:7      | Learned a level 3 spell: Vampiric Draining
  2313 | D:7      | Noticed an orc warrior
  2471 | D:6      | Reached skill level 1 in Necromancy
  2474 | D:6      | Noticed an orc warrior
  2488 | D:6      | Noticed an orc warrior
  2497 | D:6      | Slain by an orc warrior
  2498 | D:6      | Reached XP level 5. HP: -1/24 MP: 19/19
  2524 | D:5      | Noticed a phantom
  2586 | D:4      | Reached XP level 6. HP: 18/28 MP: 9/11
  2936 | D:4      | Found a sparkling altar of Nemelex Xobeh.
  2984 | D:4      | Killed from afar by an orc wizard

Levels and vault maps discovered:
D:1:      kb_arrival_jail, layout_rooms, st_stairs_7
D:2:      layout_basic, lemuel_round_altar, dk_noncrumbling_3,
          serial_bayou_pond_a, grunt_qazlal_clouds
D:3:      layout_rooms, overflow_temple_1_default,
          nicolae_overflow_hidden_temple, marbit_many_paths,
          grunt_temple_overflow_diamond, minmay_increasing_density
D:4:      layout_gridville, kennysheep_mini_moat, kennysheep_mini,
          ashenzari_conservatory_becter, temple_pool_b, first_ration,
          minmay_manual_moon, uniq_robin
D:5:      minmay_evil_eye, layout_basic, grunt_ministairs_14
D:6:      layout_loops_cross, lemuel_coloured_pillars_altar,
          hangedman_abyss_or_decor_stabs, minmay_joined_circles, uniq_pikel
D:7:      layout_rooms, nicolae_ru_sacrificial_ziggurat, vehumet_altar_wand_db
D:8:      layout_rooms, lemuel_crystal_altar, grunt_lair_entry_orc_guard_hut,
          the_bakery

Skill      XL: |  1  2  3  4  5  6 |
---------------+-------------------+-----
Charms         | 4 |  4.6
Unarmed Combat | 3 4 |  4.7
Translocations | 1 2 |  2.4
Dodging        | 4 |  4.5
Stealth        | 1 |  1.5
Ice Magic      | 1 |  1.8
Fighting       | 3 |  3.0
Necromancy     | 1 |  1.4
Spellcasting   | |  2.9

Action                   |  1- 3 |  4- 6 || total
-------------------------+-------+-------++-------
Melee: Unarmed           |    63 |   138 ||   201
       Bite              |     4 |    10 ||    14
 Cast: Infusion          |     5 |     7 ||    12
       Shroud of Golubri |     3 |     5 ||     8
       Ozocubu's Armour  |     1 |    12 ||    13
       Vampiric Draining |       |     6 ||     6
  Use: Scroll            |     1 |     4 ||     5
       Potion            |       |     2 ||     2
 Stab: Sleeping          |     1 |     1 ||     2
  Eat: Chunk             |     4 |     6 ||    10
Armor: Skin              |     5 |    22 ||    27
Dodge: Dodged            |    58 |   158 ||   216

Table legend:
 A = Non-vault XP
 B = Vault XP
 C = Vault XP percentage of total XP
 D = Non-vault monster count
 E = Vault monster count
 F = Vault count percentage of total count
                 A         B        C        D         E       F
            +---------+---------+-------+---------+---------+-------
      Total |     642 |     166 |  20.5 |      41 |       4 |   8.9
            +---------+---------+-------+---------+---------+-------
        D:1 |      16 |       0 |   0.0 |       9 |       0 |   0.0
        D:2 |      10 |       0 |   0.0 |       5 |       0 |   0.0
        D:4 |      96 |       0 |   0.0 |      10 |       0 |   0.0
        D:6 |     167 |     164 |  49.5 |       8 |       3 |  27.3
        D:7 |     312 |       2 |   0.6 |       8 |       1 |  11.1
        D:8 |      41 |       0 |   0.0 |       1 |       0 |   0.0
            +---------+---------+-------+---------+---------+-------
